 Dungeon Sprint DCSS version 0.21.1-1-g345015fe64 (webtiles) character file.

4979 Groucho the Fighter (level 10, -6/104 (105) HPs)
             Began as a Naga Fighter on July 24, 2018.
             Was the Champion of Cheibriados.
             Mangled by a nine-headed hydra (7 damage)
             ... in the Dungeon (Sprint IX: "|||||||||||||||||||||||||||||").
             The game lasted 00:05:21 (758 turns).

Groucho the Fighter (Naga Fighter)                   Turns: 758, Time: 00:05:22

HP:   -6/104 (105)  AC: 12    Str: 34    XL:     10   Next: 53%
MP:   13/18         EV:  8    Int: 26    God:    Cheibriados [******]
Gold: 0             SH: 15    Dex: 32    Spells: 9/9 levels left

rFire    . . .     SeeInvis +   p - +3 war axe (freeze)
rCold    . . .     Gourm    .   c - +0 shield
rNeg     . . .     Faith    .   r - +2 ring mail
rPois    +         Spirit   .   a - +0 helmet
rElec    .         Reflect  .   (no cloak)
rCorr    .         Harm     .   q - +0 pair of gloves
MR       +....     NoTele   +   (no barding)
Stlth    ++........             (no amulet)
HPRegen  0.27/turn              s - +3 ring of dexterity
MPRegen  0.16/turn              t - +3 ring of intelligence

@: very slow
A: large, see invisible, deformed body, poison resistance, slowness 2, slow
metabolism 1, spit poison 1, AC +3
a: Spit Poison, Bend Time, Temporal Distortion, Slouch, Step From Time, Renounce
Religion


You were in the Dungeon.
You worshipped Cheibriados.
Cheibriados was exalted by your worship.
You were not hungry.

You visited 1 branch

Inventory:

Hand Weapons
 o - a +2 morningstar of crushing
 p - a +3 war axe of freezing (weapon)
Armour
 a - a +0 helmet (worn)
 c - a +0 shield (worn)
 q - a +0 pair of gloves (worn)
 r - a +2 ring mail (worn)
Jewellery
 s - a +3 ring of dexterity (left hand)
 t - a +3 ring of intelligence (right hand)
Wands
 n - a wand of acid (10)
Scrolls
 k - a scroll of blinking
 l - 6 scrolls of remove curse
 m - 2 scrolls of amnesia
 u - a scroll of enchant weapon
 v - 2 scrolls of identify
 w - 2 scrolls of enchant armour
Potions
 b - a potion of brilliance
 d - 2 potions of might
 e - 6 potions of curing
 f - a potion of resistance
 g - 3 potions of heal wounds
 h - a potion of haste
 i - 4 potions of magic
 j - a potion of invisibility


   Skills:
 + Level 11.6 Fighting
 + Level 11.4 Axes
 + Level 9.9 Armour
 + Level 9.9 Shields
 + Level 11.1 Invocations


You had 9 spell levels left.
You didn't know any spells.

Dungeon Overview and Level Annotations

Branches:
Dungeon (1/1)

Altars:
Cheibriados
Dithmenos
Elyvilon
Fedhas
Gozag
Hepliaklqana
Kikubaaqudgha
Makhleb
Nemelex Xobeh
Okawaru
Qazlal
Ru
Sif Muna
Trog
Uskayaw
Vehumet
Wu Jian
Xom
Yredelemnul
Zin
The Shining One
Beogh
Jiyva
Lugonu


Innate Abilities, Weirdness & Mutations

You cannot wear boots.
Your serpentine skin is tough. (AC +3)
You have supernaturally acute eyesight. (SInv)
Armour fits poorly on your strangely shaped body.
Your system is resistant to poisons. (rPois)
You cover ground very slowly.
You have a slow metabolism.
You can spit poison.


Message History

You feel somewhat more hungry.
The nine-headed hydra bites you but does no damage.
You block the nine-headed hydra's attack.
The nine-headed hydra bites you.
* * * LOW HITPOINT WARNING * * *
The nine-headed hydra bites you but does no damage.
You block the nine-headed hydra's attack.
The nine-headed hydra bites you!
* * * LOW HITPOINT WARNING * * *
The nine-headed hydra bites you but does no damage.
The nine-headed hydra bites you.
* * * LOW HITPOINT WARNING * * *
The nine-headed hydra bites you!
* * * LOW HITPOINT WARNING * * *
Unknown command.
You barely miss the nine-headed hydra.
The nine-headed hydra is heavily wounded.
You block the nine-headed hydra's attack.
The nine-headed hydra bites you!
You die...

▓▓▓▓▓▓▓▓▓▓▓▓▓▓▓▓▓▓▓▓▓▓▓▓
..†.††D@'..†......†.....
▓▓▓▓▓▓▓▓▓▓▓▓▓▓▓▓▓▓▓▓▓▓▓▓▓▓▓▓▓▓▓▓▓
.................................
▓▓▓▓▓▓▓▓▓▓▓▓▓▓▓▓▓▓▓▓▓▓▓▓▓▓▓▓▓▓▓▓▓
...)|..'________________________'
▓▓▓▓▓▓▓▓▓▓▓▓▓▓▓▓▓▓▓▓▓▓▓▓▓▓▓▓▓▓▓▓▓


You could see a nine-headed hydra.

Vanquished Creatures
  A hydra (D)
  A death yak (D)
  An oklob plant (D)
  2 spiny frogs (D)
  A rime drake (D)
  3 komodo dragons (D)
  A blink frog (D)
  A hippogriff (D)
  A yak (D)
  A hungry ghost (D)
  3 water moccasins (D)
  2 porcupines (D)
  A necrophage (D)
  2 ogres (D)
  A crocodile (D)
  A big kobold (D)
  A bullfrog (D)
  A wight (D)
  A hound (D)
  An orc wizard (D)
  A shadow imp (D)
  An adder skeleton (D)
  2 orcs (D)
  A bat (D)
  A bat skeleton (D)
  A hobgoblin (D)
  A goblin (D)
  A leopard gecko zombie (D)
  A quokka zombie (D)
  2 rats (D)
39 creatures vanquished.

Notes
Turn   | Place    | Note
-------+----------+-------------------------------------------
     0 | D        | Groucho the Naga Fighter began the quest for the Orb.
     0 | D        | Reached XP level 1. HP: 21/21 MP: 1/1
    32 | D        | Noticed an orc wizard
    32 | D        | Noticed an ogre
    38 | D        | Killed an ogre
    38 | D        | Reached skill level 5 in Fighting
    38 | D        | Reached XP level 2. HP: 10/32 MP: 2/2
    38 | D        | Reached XP level 3. HP: 12/39 MP: 3/3
    38 | D        | Reached XP level 4. HP: 14/46 MP: 4/4
    43 | D        | Reached skill level 5 in Axes
    44 | D        | Reached XP level 5. HP: 18/52 MP: 5/5
   272 | D        | Found a roughly hewn altar of Beogh.
   272 | D        | Found a snail-covered altar of Cheibriados.
   272 | D        | Found a shadowy altar of Dithmenos.
   272 | D        | Found a white marble altar of Elyvilon.
   272 | D        | Found a blossoming altar of Fedhas.
   272 | D        | Found an opulent altar of Gozag.
   273 | D        | Found a hazy altar of Hepliaklqana.
   274 | D        | Found a viscous altar of Jiyva.
   275 | D        | Found an ancient bone altar of Kikubaaqudgha.
   276 | D        | Found a corrupted altar of Lugonu.
   278 | D        | Became a worshipper of Cheibriados the Contemplative
   280 | D        | Found a burning altar of Makhleb.
   281 | D        | Found a sparkling altar of Nemelex Xobeh.
   282 | D        | Found an iron altar of Okawaru.
   283 | D        | Found a stormy altar of Qazlal.
   284 | D        | Found a sacrificial altar of Ru.
   285 | D        | Found a deep blue altar of Sif Muna.
   286 | D        | Found a bloodstained altar of Trog.
   287 | D        | Found a hide-covered altar of Uskayaw.
   288 | D        | Found a radiant altar of Vehumet.
   289 | D        | Found an ornate altar of the Wu Jian Council.
   290 | D        | Found a shimmering altar of Xom.
   291 | D        | Found a basalt altar of Yredelemnul.
   292 | D        | Found a glowing silver altar of Zin.
   293 | D        | Found a glowing golden altar of the Shining One.
   346 | D        | Noticed a hungry ghost
   346 | D        | Noticed a yak
   346 | D        | Noticed a necrophage
   353 | D        | Killed a necrophage
   353 | D        | Reached skill level 5 in Armour
   353 | D        | Reached skill level 5 in Shields
   360 | D        | Killed a yak
   360 | D        | Reached * piety under Cheibriados
   360 | D        | Reached XP level 6. HP: 43/65 MP: 5/9
   367 | D        | Killed a hungry ghost
   367 | D        | Reached skill level 5 in Invocations
   367 | D        | Reached XP level 7. HP: 45/71 MP: 6/11
   369 | D        | Reached ** piety under Cheibriados
   371 | D        | Reached *** piety under Cheibriados
   495 | D        | Reached **** piety under Cheibriados
   503 | D        | Reached ***** piety under Cheibriados
   647 | D        | Noticed a blink frog
   647 | D        | Noticed a five-headed hydra
   647 | D        | Noticed a spiny frog
   647 | D        | Noticed a komodo dragon
   647 | D        | Noticed a komodo dragon
   652 | D        | Killed a komodo dragon
   652 | D        | Reached XP level 8. HP: 81/81 MP: 11/13
   654 | D        | Killed a spiny frog
   654 | D        | Killed a blink frog
   654 | D        | Reached ****** piety under Cheibriados
   655 | D        | Killed a komodo dragon
   655 | D        | Reached XP level 9. HP: 84/92 MP: 6/15
   658 | D        | Killed an eight-headed hydra
   658 | D        | Reached skill level 10 in Fighting
   658 | D        | Reached skill level 10 in Axes
   659 | D        | Noticed an oklob plant
   660 | D        | Noticed a spiny frog
   660 | D        | Noticed a komodo dragon
   664 | D        | Killed an oklob plant
   668 | D        | Killed a komodo dragon
   668 | D        | Reached skill level 10 in Invocations
   672 | D        | Killed a spiny frog
   672 | D        | Reached XP level 10. HP: 83/102 MP: 4/17
   734 | D        | Noticed a death yak
   745 | D        | Noticed a seven-headed hydra
   748 | D        | Killed a death yak
   757 | D        | HP: 1/104 [nine-headed hydra (10)]
   758 | D        | Mangled by a nine-headed hydra

Skill      XL: |  1  2  3  4  5  6  7  8  9 10 |
---------------+-------------------------------+-----
Fighting       | 5 7 8 9 10 11 | 11.6
Axes           | 4 5 6 7 8 9 10 11 | 11.4
Armour         | 4 5 6 7 8 9 |  9.9
Shields        | 4 5 6 7 8 9 |  9.9
Invocations    | 4 5 7 8 10 11 | 11.1

Action                   |  1- 3 |  4- 6 |  7- 9 | 10-12 || total
-------------------------+-------+-------+-------+-------++-------
Melee: War axe           |    27 |    26 |    50 |    21 ||   124
Invok: Slouch            |       |       |     2 |     1 ||     3
  Use: Potion            |     1 |       |       |       ||     1
       Scroll            |       |       |     1 |       ||     1
  Eat: Ration            |       |       |     1 |       ||     1
Armor: Scale mail        |    17 |     2 |       |       ||    19
       Ring mail         |       |     4 |    12 |    10 ||    26
Dodge: Dodged            |     4 |     4 |     8 |    10 ||    26
Block: Shield            |    12 |     7 |    28 |    15 ||    62
